[Event "Titled Tuesday Blitz April 11 Early 2023"]
[White "Hua, Lefong"]
[Black "Khubukshanov, Erdem"]
[WhiteFideId "2602253"]
[BlackFideId "54114527"]
[WhiteElo "2568"]
[BlackElo "2420"]
[Result "1-0"]
[Round "02"]
[TimeControl "180+2"]
[Date "2023.04.11"]
[WhiteClock "0:00:46"]
[BlackClock "0:00:03"]

1. d4 d5 2. c4 dxc4 3. Nf3 Nf6 4. e3 Bg4 5. Bxc4 e6 6. h3 Bh5 7. O-O Nbd7 8. Be2 Be7 9. b3 O-O 10. Bb2 c5 11. dxc5 Nxc5 12. Nd4 Bg6 13. Nc3 Rc8 14. Rc1 e5 15. Nf3 Nd3 16. Bxd3 Bxd3 17. Re1 e4 18. Ne5 Ba6 19. Ng4 Nxg4 20. Qxg4 f5 21. Qd1 Bd3 22. a3 Qd7 23. b4 Qe6 24. Ne2 Rxc1 25. Bxc1 Rc8 26. Nd4 Qd5 27. Bb2 a5 28. Qa4 axb4 29. axb4 b5 30. Qa6 Ra8 31. Qb6 Bxb4 32. Rc1 Ba5 33. Qc5 Rd8 34. Qa7 Bb4 35. Rc7 Bf8 36. Ne6 Ra8 37. Rxg7+ Bxg7 38. Qxg7# 1-0


[Site "https://www.chess.com"]

[Event "Titled Tuesday Blitz April 11 Early 2023"]
[White "Aravindh, Chithambaram VR."]
[Black "Han, Yichen"]
[WhiteFideId "5072786"]
[BlackFideId "1054430"]
[WhiteElo "2596"]
[BlackElo "2342"]
[Result "1-0"]
[Round "02"]
[TimeControl "180+2"]
[Date "2023.04.11"]
[WhiteClock "0:00:55"]
[BlackClock "0:00:04"]

1. c4 e6 2. b3 d5 3. Bb2 c5 4. e3 Nc6 5. Nf3 d4 6. exd4 cxd4 7. Bd3 Nf6 8. O-O Be7 9. Re1 O-O 10. Na3 Nb4 11. Bf1 d3 12. Ne5 a5 13. Qf3 Nc2 14. Nxc2 dxc2 15. d4 a4 16. Rec1 axb3 17. axb3 Rxa1 18. Bxa1 Qa5 19. Qc3 Qxc3 20. Bxc3 Ne4 21. Bb2 Nd2 22. Rxc2 Nxb3 23. c5 Rd8 24. c6 Bd6 25. c7 Re8 26. Bb5 Re7 27. Nd7 e5 28. dxe5 Bxd7 29. c8=Q+ 1-0


[Site "https://www.chess.com"]

[Event "Titled Tuesday Blitz April 11 Early 2023"]
[White "Cori T., Deysi"]
[Black "Gabrielian, Artur"]
[WhiteFideId "3801934"]
[BlackFideId "4131002"]
[WhiteElo "2292"]
[BlackElo "2432"]
[Result "0-1"]
[Round "02"]
[TimeControl "180+2"]
[Date "2023.04.11"]
[WhiteClock "0:00:03"]
[BlackClock "0:00:11"]

1. Nf3 Nf6 2. g3 g6 3. Bg2 Bg7 4. O-O O-O 5. d4 d6 6. b3 b5 7. a4 b4 8. a5 Bb7 9. Bb2 c5 10. Ne1 Bxg2 11. Kxg2 cxd4 12. Bxd4 Nc6 13. Bb2 Nxa5 14. Qd3 Nc6 15. Qb5 Qc7 16. Ra6 Rfc8 17. Nd2 Rab8 18. Qa4 Nd7 19. Bxg7 Kxg7 20. Nd3 Qb7 21. f3 Nb6 22. Qa1+ Kg8 23. e4 e5 24. Rf2 Rc7 25. Nf1 Nd4 26. Ne3 Rbc8 27. Nxb4 f5 28. c3 Ne6 29. exf5 Nc5 30. Ra3 Rf7 31. fxg6 hxg6 32. c4 Rcf8 33. Nbd5 Nxd5 34. Nxd5 Nxb3 35. Qb1 Nd4 36. Qxg6+ Kh8 37. Qh6+ Kg8 38. Qg6+ Kh8 39. Qxd6 Nf5 40. Qg6 Rg7 41. Qh5+ Rh7 42. Qg5 Rg7 43. Qd2 Qf7 44. Ra6 Rfg8 45. Rh6+ Nxh6 46. Qxh6+ Rh7 47. Qf6+ Rhg7 48. Qxe5 Kh7 49. Qe4+ Kh8 50. Qh4+ Rh7 51. Qd4+ Qg7 52. Qf6 Rf8 53. Qxg7+ Rxg7 54. f4 Rc8 55. Rc2 a5 56. f5 a4 57. f6 Rb7 58. g4 a3 59. g5 Rb2 60. Rxb2 axb2 61. Nc3 Rxc4 62. Nb1 Rc1 63. g6 Rxb1 64. f7 Kg7 65. h4 Rg1+ 66. Kxg1 b1=Q+ 67. Kg2 Qxg6+ 0-1


[Site "https://www.chess.com"]

[Event "Titled Tuesday Blitz April 11 Early 2023"]
[White "Siva Mahadevan"]
[Black "Kozin, Yuri"]
[WhiteFideId "25043153"]
[BlackFideId "4129920"]
[WhiteElo "2249"]
[BlackElo "2558"]
[Result "1-0"]
[Round "02"]
[TimeControl "180+2"]
[Date "2023.04.11"]
[WhiteClock "0:01:26"]
[BlackClock "0:01:13"]

1. e4 c5 2. Nf3 e6 3. d4 cxd4 4. Nxd4 Nf6 5. Nc3 d6 6. g4 h6 7. h4 Nc6 8. Rg1 d5 9. Bg2 Bb4 10. exd5 Nxd5 11. Nxc6 bxc6 12. Bd2 Qxh4 13. Ne4 Bxd2+ 14. Qxd2 Qh2 15. O-O-O O-O 16. c4 Nf4 17. Rh1 Qxg2 18. Qxf4 e5 19. Nf6+ gxf6 20. Qxh6 1-0


[Site "https://www.chess.com"]

[Event "Titled Tuesday Blitz April 11 Early 2023"]
[White "Paszewski, Mateusz"]
[Black "Asis Gargatagli, Hipolito"]
[WhiteFideId "1141058"]
[BlackFideId "2260735"]
[WhiteElo "2223"]
[BlackElo "2557"]
[Result "0-1"]
[Round "02"]
[TimeControl "180+2"]
[Date "2023.04.11"]
[WhiteClock "0:00:43"]
[BlackClock "0:02:40"]

1. c4 g6 2. g3 Bg7 3. Bg2 c5 4. Nc3 Nc6 5. Nf3 d6 6. O-O e6 7. e3 Nge7 8. d4 O-O 9. Rb1 Nf5 10. dxc5 dxc5 11. Qe2 Qe7 12. Rd1 b6 13. Ne4 Bb7 14. g4 Nb4 15. Ne1 Nh4 16. Bh1 f5 17. gxf5 exf5 18. Nd6 Qg5+ 0-1


[Site "https://www.chess.com"]

[Event "Titled Tuesday Blitz April 11 Early 2023"]
[White "Shevtchenko, Olesya"]
[Black "Costachi, Mihnea"]
[WhiteFideId "24131890"]
[BlackFideId "1217518"]
[WhiteElo "2003"]
[BlackElo "2456"]
[Result "1-0"]
[Round "02"]
[TimeControl "180+2"]
[Date "2023.04.11"]
[WhiteClock "0:00:18"]
[BlackClock "0:01:05"]

1. e4 c5 2. Nf3 d6 3. d4 cxd4 4. Nxd4 Nf6 5. Nc3 Nc6 6. Bg5 e6 7. Qd3 a6 8. Nxc6 bxc6 9. O-O-O Be7 10. Qg3 e5 11. f4 Nh5 12. Bxe7 Qxe7 13. Qd3 Bg4 14. Qxd6 Qxd6 15. Rxd6 Nxf4 16. g3 Ne6 17. Bc4 Nd4 18. Rf1 Ke7 19. Rxd4 exd4 20. Rxf7+ Kd6 21. Na4 Rae8 22. b4 Re7 23. Rf4 h5 24. Nc5 g5 25. Rf6+ Kc7 26. Nxa6+ Kb7 27. Nc5+ Kc7 28. a4 h4 29. b5 cxb5 30. axb5 hxg3 31. hxg3 Bc8 32. b6+ Kb8 33. Bd5 Reh7 34. b7 Bg4 35. Ra6 Kc7 36. Ra8 Rh1+ 37. Kb2 Kd6 38. Na6 Bd1 39. Rxh8 Rxh8 40. b8=Q+ Rxb8+ 41. Nxb8 Kc7 42. Nc6 d3 43. cxd3 Be2 44. Kc3 Bh5 45. Kd4 Kd6 46. Nb4 Kd7 47. Ke5 Ke7 48. Nc2 Be2 49. d4 Bd3 50. Ne3 Ba6 51. Nf5+ Kd7 52. Kf6 Ke8 53. Kxg5 Kd7 54. Kf6 Ke8 55. g4 Kd8 56. g5 Kd7 57. g6 Bc8 58. g7 Ba6 59. g8=Q Bd3 60. Qe6+ Kc7 61. Qc6+ Kd8 62. Be6 Bxe4 63. Qd7# 1-0


[Site "https://www.chess.com"]

[Event "Titled Tuesday Blitz April 11 Early 2023"]
[White "Cornette, Matthieu"]
[Black "Martic, Ivan"]
[WhiteFideId "620084"]
[BlackFideId "929301"]
[WhiteElo "2478"]
[BlackElo "2360"]
[Result "1/2-1/2"]
[Round "02"]
[TimeControl "180+2"]
[Date "2023.04.11"]
[WhiteClock "0:00:12"]
[BlackClock "0:00:09"]

1. Nc3 g6 2. e4 Bg7 3. f4 d6 4. Nf3 Nc6 5. Bb5 a6 6. Bxc6+ bxc6 7. d3 Nh6 8. O-O f5 9. Qe2 Nf7 10. Kh1 Be6 11. e5 dxe5 12. fxe5 O-O 13. Bf4 h6 14. h4 Rb8 15. b3 c5 16. Na4 Qd5 17. c4 Qc6 18. Qe3 g5 19. hxg5 hxg5 20. Nxg5 Nxg5 21. Bxg5 f4 22. Bxf4 Rf5 23. Nxc5 Rbf8 24. d4 Bc8 25. Rf3 Rxf4 26. Rxf4 Qh6+ 27. Kg1 Rxf4 28. Re1 Qh4 29. g3 Rg4 30. Kg2 Bh6 31. Qf3 Bf4 32. Qxf4 Rxf4 33. gxh4 Rxd4 34. Re4 Bb7 35. Nxb7 Rxe4 36. Nc5 Rxe5 37. Nxa6 Ra5 38. Nxc7 Rxa2+ 39. Kg3 Kf7 40. Kf4 Rb2 41. Nd5 Rxb3 42. Ne3 Rb1 43. h5 Rh1 44. Kg5 Rg1+ 45. Ng4 Kg7 46. h6+ Kf7 47. Kf5 Rh1 48. Ne5+ Kg8 49. Kg6 Rg1+ 50. Kf5 Kh7 51. Ke6 Kxh6 52. Kxe7 Rc1 53. Kd6 Rxc4 54. Nxc4 1/2-1/2


[Site "https://www.chess.com"]

[Event "Titled Tuesday Blitz April 11 Early 2023"]
[White "Ashraf, Artin"]
[Black "Cremisi, Daniel"]
[WhiteFideId "22514805"]
[BlackFideId "2089882"]
[WhiteElo "2188"]
[BlackElo "2172"]
[Result "1-0"]
[Round "02"]
[TimeControl "180+2"]
[Date "2023.04.11"]
[WhiteClock "0:00:08"]
[BlackClock "0:01:18"]

1. d4 d5 2. Nc3 Nf6 3. Bf4 e6 4. Nb5 Na6 5. e3 c6 6. Nc3 Nc7 7. Nf3 Bd6 8. Bd3 Bxf4 9. exf4 b6 10. O-O c5 11. Nb5 Nxb5 12. Bxb5+ Bd7 13. Bd3 O-O 14. c3 cxd4 15. Nxd4 Qc7 16. Qf3 a6 17. Rfe1 b5 18. Re5 Rfb8 19. Rae1 b4 20. f5 exf5 21. Bxf5 bxc3 22. bxc3 Bxf5 23. Rxf5 Re8 24. Rd1 Ne4 25. g3 Qxc3 26. Rxf7 Rf8 27. Rxf8+ Rxf8 28. Qxc3 Nxc3 29. Rd2 Rb8 30. Rc2 Ne4 31. f3 Nd6 32. Rc6 Nb5 33. Nf5 d4 34. a4 Nc3 35. a5 Ne2+ 36. Kf1 d3 37. Rd6 Rb3 38. Rxa6 Nd4 39. Ra8+ Kf7 40. Nd6+ Ke6 41. Ne4 Rb2 42. Nc5+ Kd5 43. Nxd3 Rd2 44. Rd8+ Kc4 45. Ne5+ Kc3 46. Rc8+ Kb3 47. a6 Ra2 48. Rb8+ Kc3 49. Rc8+ Kb3 50. Nd3 Nxf3 51. Nc1+ Kb2 52. Nxa2 Kxa2 53. a7 1-0


[Site "https://www.chess.com"]

[Event "Titled Tuesday Blitz April 11 Early 2023"]
[White "Bilan, Danila"]
[Black "Real_OceanStorm"]
[WhiteFideId "24161918"]
[WhiteElo "2182"]
[BlackElo "2806"]
[Result "0-1"]
[Round "02"]
[TimeControl "180+2"]
[Date "2023.04.11"]
[WhiteClock "0:00:01"]
[BlackClock "0:00:15"]

1. d4 Nf6 2. Nf3 e6 3. g3 d5 4. Bg2 c5 5. O-O cxd4 6. Nxd4 e5 7. Nf3 Nc6 8. c4 d4 9. e3 Bg4 10. exd4 Nxd4 11. Re1 Nxf3+ 12. Bxf3 Qxd1 13. Bxd1 Bxd1 14. Rxd1 Bc5 15. Nc3 Bd4 16. Nb5 Rd8 17. Nxd4 exd4 18. Bg5 O-O 19. Bxf6 gxf6 20. Rd3 Rd6 21. Rad1 Rfd8 22. b4 Kg7 23. Kg2 f5 24. c5 Rd5 25. Ra3 a6 26. Rad3 a5 27. a3 Kg6 28. Kf3 h6 29. h4 Kf6 30. Kf4 h5 31. Kf3 Ke7 32. Kf4 a4 33. Kg5 Rg8+ 34. Kf4 Rg4+ 35. Kf3 Ke6 36. Re1+ Re5 37. Red1 Kd5 38. Kg2 Re2 39. Kf3 Rb2 40. R1d2 Rb3 41. Ke2 Re4+ 42. Kd1 Kc4 43. Rf3 Rxf3 0-1


[Site "https://www.chess.com"]

[Event "Titled Tuesday Blitz April 11 Early 2023"]
[White "Timofeev, Artyom"]
[Black "Escanor89"]
[WhiteFideId "4140419"]
[WhiteElo "2586"]
[BlackElo "2553"]
[Result "1/2-1/2"]
[Round "02"]
[TimeControl "180+2"]
[Date "2023.04.11"]
[WhiteClock "0:00:06"]
[BlackClock "0:00:08"]

1. c4 Nf6 2. Nc3 g6 3. e4 d6 4. g3 Bg7 5. Bg2 O-O 6. Nge2 c5 7. O-O Nc6 8. d3 Ne8 9. Rb1 Nc7 10. a3 a5 11. Be3 Ne6 12. Nb5 Bd7 13. h4 Ned4 14. Nbxd4 Nxd4 15. Nxd4 cxd4 16. Bd2 a4 17. h5 Qc7 18. h6 Bh8 19. Rc1 Rac8 20. Bb4 b6 21. b3 Ra8 22. bxa4 Bxa4 23. Qd2 Rfe8 24. f4 Bd7 25. f5 Be5 26. g4 Rf8 27. Qf2 f6 28. Bf3 g5 29. Kg2 Ra7 30. Rb1 Rfa8 31. Qb2 Ra6 32. Qb3 R8a7 33. c5+ Kf8 34. cxd6 exd6 35. Rbc1 Qd8 36. Qd5 Be8 37. Qb3 Bf7 38. Qb1 Ra8 39. Bd1 Rxa3 40. Bxa3 Rxa3 41. Rf2 d5 42. Bf3 Bf4 43. Qb4+ Bd6 44. Qxd4 Kg8 45. exd5 Bc5 46. Rxc5 bxc5 47. Qxc5 Rxd3 48. Qb5 Rd4 49. Qc5 Rd3 50. Re2 Bxd5 51. Bxd5+ Rxd5 52. Qc4 Kh8 53. Kf2 Rd2 54. Qe6 Rxe2+ 55. Kxe2 Qf8 56. Qd7 Qxh6 57. Qe8+ Kg7 58. Qe7+ Kh8 59. Qe8+ Kg7 60. Qe7+ Kh8 61. Qe8+ 1/2-1/2


[Site "https://www.chess.com"]

[Event "Titled Tuesday Blitz April 11 Early 2023"]
[White "Sharapov, Evgeny"]
[Black "Gorodetzky, David"]
[WhiteFideId "14103133"]
[BlackFideId "2813416"]
[WhiteElo "2367"]
[BlackElo "2484"]
[Result "0-1"]
[Round "02"]
[TimeControl "180+2"]
[Date "2023.04.11"]
[WhiteClock "0:00:50"]
[BlackClock "0:01:43"]

1. e4 c5 2. Nf3 d6 3. d4 cxd4 4. Nxd4 Nf6 5. f3 Nc6 6. c4 e6 7. Nc3 Be7 8. Be3 O-O 9. Be2 d5 10. cxd5 exd5 11. Nxc6 bxc6 12. exd5 cxd5 13. O-O Re8 14. Bd4 Bd6 15. Kh1 Nh5 16. Bf2 Nf4 17. Bb5 Re5 18. Bg3 Rh5 19. Re1 Be6 20. Qd2 Qg5 21. Ne2 Nxe2 22. Qxg5 Nxg3+ 23. Qxg3 Bxg3 0-1


[Site "https://www.chess.com"]

[Event "Titled Tuesday Blitz April 11 Early 2023"]
[White "Ljukin, Sergei"]
[Black "Flores, Diego"]
[WhiteFideId "14102200"]
[BlackFideId "108049"]
[WhiteElo "2312"]
[BlackElo "2613"]
[Result "0-1"]
[Round "02"]
[TimeControl "180+2"]
[Date "2023.04.11"]
[WhiteClock "0:00:12"]
[BlackClock "0:01:40"]

1. e4 c5 2. Nf3 e6 3. d4 cxd4 4. Nxd4 a6 5. Bd3 Bc5 6. Nb3 Be7 7. c4 d6 8. Nc3 Nd7 9. O-O Qc7 10. f4 Ngf6 11. Qe2 b6 12. Bd2 Bb7 13. Rae1 Rd8 14. Bb1 O-O 15. e5 Ne8 16. Qd3 g6 17. Qg3 Ng7 18. Kh1 Qxc4 19. Ne4 Nf5 20. Qh3 dxe5 21. fxe5 Nxe5 22. Bc3 Nd3 23. Rxf5 exf5 24. Qh6 Qxc3 25. bxc3 Nxe1 26. Ng5 Bxg2+ 27. Kg1 Bxg5 28. Qxg5 Nf3+ 0-1


[Site "https://www.chess.com"]

[Event "Titled Tuesday Blitz April 11 Early 2023"]
[White "Urazayev, Arystanbek"]
[Black "Demin, Vladimir"]
[WhiteFideId "13709810"]
[BlackFideId "4167457"]
[WhiteElo "2449"]
[BlackElo "2551"]
[Result "1-0"]
[Round "02"]
[TimeControl "180+2"]
[Date "2023.04.11"]
[WhiteClock "0:01:39"]
[BlackClock "0:01:22"]

1. e4 e5 2. Nf3 Nc6 3. Bc4 Bc5 4. d3 Nf6 5. Nc3 h6 6. a3 a6 7. Be3 d6 8. O-O O-O 9. Bxc5 dxc5 10. Bd5 Ne7 11. Ba2 Ng6 12. Nd5 Qd6 13. Nd2 b5 14. Qf3 Nxd5 15. Bxd5 c6 16. Bb3 Kh7 17. Qe3 Nf4 18. Kh1 Qd4 19. Nf3 Qxe3 20. fxe3 Ng6 21. Bxf7 1-0


[Site "https://www.chess.com"]

[Event "Titled Tuesday Blitz April 11 Early 2023"]
[White "Aggelis, Nikolaos"]
[Black "Goltsev, Dmitry"]
[WhiteFideId "4213220"]
[BlackFideId "24176710"]
[WhiteElo "2189"]
[BlackElo "2336"]
[Result "0-1"]
[Round "02"]
[TimeControl "180+2"]
[Date "2023.04.11"]
[WhiteClock "0:00:57"]
[BlackClock "0:02:38"]

1. c4 Nf6 2. g3 h5 3. Bg2 h4 4. Nf3 h3 5. Bf1 b6 6. b3 Bb7 7. Bb2 d6 8. d3 Nbd7 9. Nbd2 e5 10. Qc2 Be7 11. O-O-O a5 12. a3 Ng4 13. Rg1 Nxf2 14. Re1 Ng4 15. e4 Ndf6 16. Nb1 Nh7 17. Nc3 Ng5 18. Nxg5 Bxg5+ 19. Kb1 Be3 20. Rxe3 Nxe3 21. Qe2 Nxf1 22. Rxf1 Qg5 23. Bc1 Qg6 24. Nd1 c6 25. Ne3 Bc8 26. Bb2 Be6 27. d4 exd4 28. Bxd4 Qxe4+ 0-1


[Site "https://www.chess.com"]

[Event "Titled Tuesday Blitz April 11 Early 2023"]
[White "Galchenko, Matvey"]
[Black "Borrmann, Laurenz"]
[WhiteFideId "24175480"]
[BlackFideId "312187930"]
[WhiteElo "2423"]
[BlackElo "2312"]
[Result "1-0"]
[Round "02"]
[TimeControl "180+2"]
[Date "2023.04.11"]
[WhiteClock "0:00:49"]
[BlackClock "0:00:02"]

1. f4 d5 2. Nf3 Nf6 3. g3 g6 4. Bg2 Bg7 5. O-O O-O 6. d3 c5 7. Nc3 d4 8. Na4 Qa5 9. c4 Bd7 10. b3 Bxa4 11. bxa4 Nc6 12. Rb1 Qc7 13. Bd2 Nd7 14. Qb3 Rab8 15. Ng5 e6 16. Qa3 Rfe8 17. a5 h6 18. Ne4 Bf8 19. a6 b6 20. Qa4 Rec8 21. g4 f5 22. gxf5 exf5 23. Ng3 Bd6 24. Kh1 Kh7 25. e4 dxe3 26. Bxe3 Nd4 27. Rbe1 Nf6 28. Bxd4 cxd4 29. Re6 Ng4 30. Ne2 Ne3 31. Rg1 Bc5 32. Bf3 Rg8 33. Qc6 Qxc6 34. Bxc6 Rbc8 35. h4 1-0


[Site "https://www.chess.com"]

[Event "Titled Tuesday Blitz April 11 Early 2023"]
[White "Odegov, Artem"]
[Black "Mahdavi, Reza"]
[WhiteFideId "34183644"]
[BlackFideId "12595926"]
[WhiteElo "2300"]
[BlackElo "2357"]
[Result "1-0"]
[Round "02"]
[TimeControl "180+2"]
[Date "2023.04.11"]
[WhiteClock "0:00:07"]
[BlackClock "0:00:12"]

1. d4 Nf6 2. c4 g6 3. Nc3 Bg7 4. e4 d6 5. h3 O-O 6. Be3 Nbd7 7. g4 a6 8. a4 e5 9. d5 Ne8 10. Bd3 c6 11. Nge2 cxd5 12. cxd5 Rb8 13. Ng3 Nc7 14. a5 b5 15. axb6 Nxb6 16. Qd2 Bd7 17. O-O Nc8 18. Rfc1 Ne7 19. Nce2 Kh8 20. Qa5 Nb5 21. Qxd8 Rfxd8 22. Rxa6 Nd4 23. Nxd4 exd4 24. Bg5 f6 25. Bf4 Rxb2 26. Bxd6 Ng8 27. Bc7 Re8 28. Rb6 Rd2 29. Rb3 Bh6 30. Ra1 Rc8 31. d6 Bf4 32. Nf1 Rxd3 33. Rxd3 f5 34. exf5 gxf5 35. Ra5 fxg4 36. Rxd4 Bh6 37. hxg4 Bg7 38. Re4 Nf6 39. Re7 Bf8 40. Rf7 Bg7 41. Rg5 Rg8 42. Rgxg7 Rxg7 43. Rxf6 Rxg4+ 44. Ng3 Kg8 45. Bd8 h5 46. Rh6 Be8 47. Be7 Kg7 48. Rxh5 Rc4 49. Rg5+ Kf7 50. Rf5+ Ke6 51. Rf6+ Kd7 52. Rf3 Bg6 53. Re3 Rc1+ 54. Kg2 Rc2 55. Ne2 Rc4 56. Kg3 Bf5 57. Nf4 Ra4 58. Bf8 Rb4 59. Re7+ Kd8 60. Rf7 Bd7 61. Be7+ Kc8 62. Bg5 Rd4 63. Rf6 Kb7 64. f3 Kc6 65. Ng6 Rxd6 66. Ne5+ Kd5 67. Rxd6+ Kxd6 68. Nxd7 Kxd7 69. Kf4 Ke6 70. Ke4 Kf7 1-0


[Site "https://www.chess.com"]

[Event "Titled Tuesday Blitz April 11 Early 2023"]
[White "Acor, Corey"]
[Black "Przybylski, Wojciech"]
[WhiteFideId "2024861"]
[BlackFideId "1117599"]
[WhiteElo "2341"]
[BlackElo "2222"]
[Result "1-0"]
[Round "02"]
[TimeControl "180+2"]
[Date "2023.04.11"]
[WhiteClock "0:00:57"]
[BlackClock "0:00:02"]

1. e4 e5 2. Nc3 Nf6 3. g3 h5 4. Bg2 h4 5. g4 d5 6. h3 d4 7. Nce2 d3 8. cxd3 Nc6 9. d4 exd4 10. d3 Bb4+ 11. Bd2 Qe7 12. f4 Bd7 13. Nf3 Bc5 14. a3 a5 15. Rc1 Bb6 16. f5 g6 17. Bg5 gxf5 18. exf5 Ne5 19. O-O O-O-O 20. Qb3 Nxf3+ 21. Bxf3 Bc6 22. Bxc6 Qxe2 23. Bf3 Qe5 24. Qxb6 Qg3+ 25. Bg2 Nd5 26. Qxd4 f6 27. Bf4 Nxf4 28. Qxf4 Qxd3 29. Qxc7# 1-0


[Site "https://www.chess.com"]

[Event "Titled Tuesday Blitz April 11 Early 2023"]
[White "Gurevich, Dmitry"]
[Black "Molina, Roberto Junio Brito"]
[WhiteFideId "2000407"]
[BlackFideId "2109450"]
[WhiteElo "2506"]
[BlackElo "2376"]
[Result "0-1"]
[Round "02"]
[TimeControl "180+2"]
[Date "2023.04.11"]
[WhiteClock "0:00:01"]
[BlackClock "0:00:05"]

1. d4 d5 2. c4 c6 3. e3 Nf6 4. Nc3 a6 5. Nf3 Bf5 6. Qb3 Ra7 7. c5 h6 8. Be2 Nbd7 9. O-O e6 10. Bd2 Be7 11. Rfc1 O-O 12. h3 Qc7 13. a4 e5 14. a5 e4 15. Nh2 Nh7 16. Na4 Raa8 17. Nb6 Rae8 18. Qd1 Be6 19. f3 exf3 20. Nxf3 Bf5 21. Be1 Ndf6 22. Ne5 Ne4 23. Bf3 Bg5 24. Ra3 f6 25. Ng4 Bxg4 26. hxg4 f5 27. gxf5 Rxf5 28. b4 Qe7 29. b5 axb5 30. a6 bxa6 31. Rxa6 Bxe3+ 32. Kh1 Bf2 33. Bg4 Qh4+ 34. Bh3 Ng3+ 35. Kh2 Bxe1 36. Ra8 Rff8 37. Rxe8 Rxe8 38. Qf3 Ng5 39. Qg4 Qxg4 40. Bxg4 Bd2 41. Rd1 Bf4 42. Bd7 Re2 43. Bxc6 Nf1+ 44. Kg1 Ne3 45. Bxd5+ Nxd5 46. Nxd5 Bg3 47. Nc3 Rc2 48. Nxb5 Ne4 49. d5 Rxc5 50. d6 Rxb5 51. d7 Bh4 52. d8=Q+ Bxd8 0-1


[Site "https://www.chess.com"]

[Event "Titled Tuesday Blitz April 11 Early 2023"]
[White "Arias, Juan Cruz"]
[Black "Samunenkov, Ihor"]
[WhiteFideId "118540"]
[BlackFideId "14187086"]
[WhiteElo "2243"]
[BlackElo "2457"]
[Result "1-0"]
[Round "02"]
[TimeControl "180+2"]
[Date "2023.04.11"]
[WhiteClock "0:00:24"]
[BlackClock "0:00:01"]

1. d4 Nf6 2. Nf3 e6 3. e3 d5 4. Bd3 Be7 5. O-O O-O 6. Nbd2 c5 7. c3 Nbd7 8. Re1 b6 9. e4 dxe4 10. Nxe4 Bb7 11. Ng3 cxd4 12. cxd4 Nd5 13. a3 N7f6 14. Ne5 a6 15. Bd2 Rc8 16. Qe2 Re8 17. Rad1 Bf8 18. h4 b5 19. Bb1 Nb6 20. Ba5 Qd5 21. f3 Nc4 22. Bc3 Nxa3 23. Ne4 Nxb1 24. Rxb1 b4 25. Nxf6+ gxf6 26. Ng4 Bg7 27. Bd2 Qxd4+ 28. Be3 Qc4 29. Qf2 Qc2 30. Qg3 Kh8 31. h5 f5 32. h6 fxg4 33. hxg7+ Kxg7 34. Bd4+ Kg8 35. Qe5 Kf8 36. Qd6+ Kg8 37. Rbc1 Qg6 38. Rxc8 Bxc8 39. f4 g3 40. Qxb4 Qh5 41. Kf1 Qh1+ 42. Bg1 a5 43. Qb5 Rd8 44. Qg5+ 1-0


[Site "https://www.chess.com"]

[Event "Titled Tuesday Blitz April 11 Early 2023"]
[White "Srihari L R"]
[Black "tetrix83"]
[WhiteFideId "46617116"]
[WhiteElo "2334"]
[BlackElo "2535"]
[Result "1-0"]
[Round "02"]
[TimeControl "180+2"]
[Date "2023.04.11"]
[WhiteClock "0:00:47"]
[BlackClock "0:00:25"]

1. c4 Nf6 2. Nc3 g6 3. g3 Bg7 4. Bg2 O-O 5. d4 d6 6. Nf3 c6 7. e4 c5 8. O-O cxd4 9. Nxd4 Nc6 10. Nde2 Be6 11. b3 a6 12. h3 b5 13. cxb5 axb5 14. Nxb5 Nxe4 15. Rb1 d5 16. a4 Qd7 17. Kh2 Rfd8 18. Bb2 Nf6 19. Rc1 Bf5 20. Ned4 Nxd4 21. Nxd4 Ne4 22. Qe2 Rab8 23. Nc6 Rxb3 24. Bxg7 Kxg7 25. Nxd8 Qxd8 26. Rfd1 Qd6 27. Rd3 Rb4 28. Ra3 Nc5 29. a5 d4 30. a6 d3 31. Qd2 Rb3 32. Rxb3 Nxb3 33. Qb2+ Nd4 34. a7 d2 35. Rd1 e5 36. a8=Q h5 37. Qbb8 1-0


[Site "https://www.chess.com"]

[Event "Titled Tuesday Blitz April 11 Early 2023"]
[White "Deng, Henry"]
[Black "Erdogdu, Mert"]
[WhiteFideId "30965454"]
[BlackFideId "6301495"]
[WhiteElo "2523"]
[BlackElo "2407"]
[Result "1/2-1/2"]
[Round "02"]
[TimeControl "180+2"]
[Date "2023.04.11"]
[WhiteClock "0:00:47"]
[BlackClock "0:00:08"]

1. e4 c5 2. Nc3 d6 3. Bb5+ Bd7 4. Bxd7+ Qxd7 5. d4 cxd4 6. Qxd4 Nc6 7. Qd3 Nf6 8. Nf3 g6 9. O-O Bg7 10. Nd5 O-O 11. Bg5 Nxd5 12. exd5 Nb4 13. Qb3 a5 14. Rae1 Rfe8 15. c3 Nd3 16. Re3 Nc5 17. Qc4 b5 18. Qh4 e5 19. dxe6 Rxe6 20. Rd1 Rae8 21. h3 Na4 22. Rd2 Nb6 23. Rde2 Nc4 24. Rxe6 Rxe6 25. Rxe6 fxe6 26. Bc1 d5 27. Ng5 h6 28. Nf3 g5 29. Qg4 Qf7 30. h4 gxh4 31. Bxh6 h3 32. Bxg7 Qxg7 33. Qxe6+ Kf8 34. Qxh3 Nxb2 35. Qc8+ Kf7 36. Qd7+ Kg8 37. Qxd5+ Kh8 38. Qh5+ Kg8 39. Ng5 Qf6 40. Qe8+ Kg7 41. Qxb5 Qxc3 42. Qd7+ Kg6 43. Qg4 Qc1+ 44. Kh2 Qxg5 45. Qe6+ Qf6 46. Qg8+ Kh6 47. Qg3 Nc4 48. Qh3+ Kg5 49. Qg3+ Kh6 50. Qh3+ Kg5 51. Qg3+ Kh6 1/2-1/2


[Site "https://www.chess.com"]

[Event "Titled Tuesday Blitz April 11 Early 2023"]
[White "Nguyen, Hong Anh"]
[Black "Dehtiarov, Roman"]
[WhiteFideId "12406732"]
[BlackFideId "14186640"]
[WhiteElo "2054"]
[BlackElo "2189"]
[Result "0-1"]
[Round "02"]
[TimeControl "180+2"]
[Date "2023.04.11"]
[WhiteClock "0:00:08"]
[BlackClock "0:00:52"]

1. d4 Nf6 2. c4 e6 3. Nf3 b6 4. g3 Ba6 5. Qc2 c5 6. Bg2 Bb7 7. dxc5 Bxc5 8. O-O O-O 9. Nc3 Nc6 10. a3 a5 11. Bf4 d6 12. Rad1 Qe7 13. Bg5 h6 14. Bxf6 Qxf6 15. Ne4 Qe7 16. Nxc5 bxc5 17. Rd2 e5 18. e3 e4 19. Nh4 f5 20. Ng6 Qe6 21. Nxf8 Rxf8 22. Rfd1 Rd8 23. Qb3 Ba8 24. f3 Ne5 25. fxe4 Bxe4 26. Qb6 Nf7 27. Bxe4 Qxe4 28. Rf2 Re8 29. h4 Qxe3 30. Kg2 Qe4+ 31. Kh2 Qxc4 32. Qc6 Qe4 33. Qxe4 fxe4 34. Re2 Re5 35. Rc1 h5 36. Kg2 Nh6 37. Kf2 Ng4+ 38. Ke1 Kf7 39. Kd2 Ke6 40. Ree1 Rd5+ 41. Ke2 Rd3 42. Rf1 Re3+ 43. Kd2 Rxg3 44. Rf4 Ke5 45. Rf7 d5 46. Rxg7 Kd4 47. Rd1 Rg2+ 48. Kc1+ Kc4 49. Rg5 Ne3 50. Rxg2 Nxg2 51. Rg1 Nxh4 52. Rg5 Nf3 53. Rxh5 a4 54. Kd1 Nd4 55. Kc1 Nb3+ 56. Kc2 d4 57. Rh4 d3+ 58. Kd1 Kd4 59. Rh8 e3 60. Rd8+ Kc4 61. Re8 e2+ 62. Ke1 Nd4 63. Kd2 Nf3+ 64. Kc1 d2+ 65. Kb1 d1=Q+ 66. Ka2 Qb3+ 67. Kb1 Nd2+ 68. Kc1 Qd1# 0-1


[Site "https://www.chess.com"]

[Event "Titled Tuesday Blitz April 11 Early 2023"]
[White "Ilkhomi, Jaloliddin"]
[Black "Dominguez Pons, Eric"]
[WhiteFideId "14700948"]
[BlackFideId "2262916"]
[WhiteElo "2045"]
[BlackElo "2302"]
[Result "1-0"]
[Round "02"]
[TimeControl "180+2"]
[Date "2023.04.11"]
[WhiteClock "0:02:25"]
[BlackClock "0:01:12"]

1. Nf3 Nf6 2. d4 d5 3. Bf4 c5 4. e3 Nc6 5. c3 Bf5 6. Bd3 Bxd3 7. Qxd3 e6 8. Nbd2 Nh5 9. Be5 f6 10. Bg3 Nxg3 11. hxg3 g6 12. e4 cxd4 13. Nxd4 Nxd4 14. Qxd4 dxe4 15. Qxe4 Qd5 16. O-O Qxe4 17. Nxe4 f5 18. Ng5 O-O-O 19. Nf7 Bg7 20. Nxh8 Bxh8 21. Rad1 Re8 22. Rfe1 e5 23. Rd5 Kc7 24. Red1 Re7 25. c4 e4 26. b4 Bc3 27. b5 e3 28. fxe3 Rxe3 29. c5 Re7 30. a4 Be5 31. R1d3 a6 32. Kh2 h5 33. Re3 Bf6 34. Red3 Be5 35. Kh3 g5 36. Re3 g4+ 37. Kh2 Bf6 38. Rxe7+ 1-0


[Site "https://www.chess.com"]